 Dungeon Crawl Stone Soup version 0.18.1-8-gdd0e5ea (webtiles) character file.

163 Kzard the Skirmisher (level 5, 0/43 HPs)
             Began as a Human Berserker on June 1, 2016.
             Was a Believer of Trog.
             Succumbed to an adder's poison
             ... on level 3 of the Dungeon.
             The game lasted 00:19:44 (3439 turns).

Kzard the Skirmisher (Human Berserker)              Turns: 3439, Time: 00:19:45

Health: 0/43       AC:  6    Str: 17    XL:     5   Next: 72%
Magic:  5/5        EV:  8    Int:  9    God:    Trog [**....]
Gold:   122        SH:  9    Dex: 12    Spells: 0 memorised, 4 levels left

rFire  . . .     SeeInvis .     a - +0 mace
rCold  . . .     Gourm    .     f - +0 ring mail
rNeg   + . .     Faith    .     t - +2 shield {rN+}
rPois  .         Spirit   .     (no helmet)
rElec  .         Dismiss  .     (no cloak)
rCorr  .         Reflect  .     (no gloves)
SustAt .         Harm     .     n - +0 pair of boots
MR     .....                    (no amulet)
Stlth  +.........               (no ring)
                                (no ring)

@: lethally poisoned (0 -> -1), exhausted, slowed, very slow, not resistant to
hostile enchantments, very unstealthy
A: no striking features
a: Berserk, Trog's Hand, Burn Spellbooks, Renounce Religion


You were on level 3 of the Dungeon.
You worshipped Trog.
Trog was pleased with you.
You were not hungry.

You visited 1 branch of the dungeon, and saw 3 of its levels.

You collected 122 gold pieces.

Inventory:

Hand Weapons
 a - a +0 mace (weapon)
Missiles
 l - 56 stones (quivered)
 p - 29 bolts
Armour
 b - a +0 animal skin
 f - a +0 ring mail (worn)
 g - a +0 pair of boots
 n - a +0 pair of boots (worn)
 t - a +2 shield of positive energy (worn)
Scrolls
 h - a scroll of immolation
 j - a scroll of noise
 k - 2 scrolls of fear
 m - 2 scrolls of teleportation
 s - a scroll of identify
Potions
 e - a potion of heal wounds {unknown}
 o - a potion of magic {unknown}
 q - a potion of haste {unknown}
 r - a potion of might
Comestibles
 c - 2 chunks of flesh
 d - a meat ration
 i - a beef jerky


   Skills:
 * Level 4.7 Fighting
 - Level 3.6 Maces & Flails
 + Level 3.0 Armour
 - Level 2.5 Dodging
 - Level 0.2 Stealth


You had 4 spell levels left.
You didn't know any spells.

Dungeon Overview and Level Annotations

Branches:
Dungeon (3/15)

Altars:
Qazlal
Trog


Message History

You feel sick.
You see here 2 chunks of flesh.
* * * LOW HITPOINT WARNING * * *
You feel sick.
You see here 2 chunks of flesh.
c - 2 chunks of flesh
* * * LOW HITPOINT WARNING * * *
You feel sick.
Eat which item? (? for menu, Esc to quit)
You aren't quite hungry enough to eat that!
There is a lethal amount of poison in your body!
* * * LOW HITPOINT WARNING * * *
You feel sick.
* * * LOW HITPOINT WARNING * * *
You feel sick.
* * * LOW HITPOINT WARNING * * *
You feel sick.
* * * LOW HITPOINT WARNING * * *
You feel sick.
You die...

********** #.#** ####*** #.#
### #....,* #.# ..# #.....*
#.# #.# #.....*##.## #.#
#.....##...##### ..#
#.....#........# ..#
**#.*#?......#,* ..##
#.##.....@.#,* ...#
###..#.......#,* .#.#
#............#.####*### >#.#
#.##.##............,..# ...#
#.##.##.####.##.###*#.#
##.###.#..#......(#*,#####.#
###
##...........######*,*#....#
#.. ...###.#.###.#
#,*#.##.####.# ####
#.......# #.##......##.#


There were no monsters in sight!

Vanquished Creatures
  2 orc priests (D:3)
  5 adders
  An ooze (D:3)
  A worm (D:2)
  2 dart slugs
  An orc (D:3)
  7 bats
  4 giant cockroaches
  8 goblins
  3 hobgoblins
  A quokka (D:3)
  A giant newt (D:1)
  6 kobolds
  7 rats
49 creatures vanquished.

Vanquished Creatures (others)
  A kobold (D:2)
1 creature vanquished.

Grand Total: 50 creatures vanquished

Notes
Turn   | Place    | Note
--------------------------------------------------------------
     0 | D:1      | Kzard the Human Berserker began the quest for the Orb.
     0 | D:1      | Reached XP level 1. HP: 18/18 MP: 1/1
   366 | D:1      | Reached XP level 2. HP: 16/24 MP: 2/2
  1149 | D:1      | Reached XP level 3. HP: 29/29 MP: 3/3
  1494 | D:2      | Reached ** piety under Trog
  2149 | D:2      | Reached XP level 4. HP: 32/35 MP: 4/4
  2286 | D:2      | Found a stormy altar of Qazlal.
  2348 | D:2      | Found a stormy altar of Qazlal.
  2762 | D:3      | Reached skill level 4 in Fighting
  2780 | D:3      | Reached XP level 5. HP: 39/43 MP: 5/5
  3063 | D:3      | Found a bloodstained altar of Trog.
  3430 | D:3      | HP: 2/43 [poisoned by an adder]
  3437 | D:3      | HP: 1/43 [poisoned by an adder]
  3439 | D:3      | Succumbed to an adder's poison

Skill      XL: |  1  2  3  4  5 |
---------------+----------------+-----
Fighting       | 4 |  4.7
Armour         | 3 |  3.0
Maces & Flails | |  3.6
Dodging        | |  2.5
Stealth        | |  0.2

Action                   |  1- 3 |  4- 6 || total
-------------------------+-------+-------++-------
Melee: Mace              |    80 |   106 ||   186
Throw: Stone             |     2 |     8 ||    10
Invok: Berserk           |       |     2 ||     2
       Trog's Hand       |       |     1 ||     1
  Use: Scroll            |     6 |     2 ||     8
       Potion            |     1 |       ||     1
  Eat: Chunk             |     3 |     1 ||     4
       Bread ration      |       |     1 ||     1
       Pizza             |       |     1 ||     1
Armor: Animal skin       |     1 |       ||     1
       Ring mail         |    31 |   112 ||   143
Dodge: Dodged            |    86 |   100 ||   186
Block: Shield            |       |     9 ||     9
